 Dungeon Crawl Stone Soup version 0.29-a0-1052-g6990b1bffc (webtiles) character file.

Game seed: 6758211141985193728

645412 frimble the Slayer (level 27, -8/335 HPs)
             Began as a Demonspawn Earth Elementalist on Aug 17, 2022.
             Was the Champion of Cheibriados.
             Killed by divine providence
             ... invoked by a royal mummy
              (9 damage)
             ... on level 20 of a ziggurat.
             The game lasted 01:54:05 (49034 turns).

frimble the Slayer (Demonspawn Earth Elementalist) Turns: 49034, Time: 01:54:06

Health: -8/335     AC: 39    Str: 28 (29) XL:     27
Magic:  40/40      EV: 29    Int: 42 (45) God:    Cheibriados [******]
Gold:   2704       SH: 19    Dex: 31      Spells: 28/52 levels left

rFire   + + +      SeeInvis .   a - +7 Screaming Sword {vorpal, sonic wave}
rCold   . . .      Faith    .   D - +2 kite shield "Trusted Companion" {rElec rF+ Int+3}
rNeg    + + .      Spirit   .   (body armour currently unavailable)
rPois   ∞          Reflect  .   (no helmet)
rElec   +          Harm     .   U - +0 cloak of Rationality {Will++ Dex+2}
rCorr   +          Rampage  .   (gloves unavailable)
Will    ++++.                   (boots currently unavailable)
Stlth   +++++.....              Q - amulet "Veyla" {+Inv rElec rF+ Regen+ Int+4}
HPRegen 11.45/turn              c - +4 ring of protection
MPRegen 0.27/turn               T - ring of Okawaru's Approval {rF+ rN+ rCorr Str+4}

@: statue-form, slowed, studying 3 skills, very slow
A: slow and powerful, torment resistance 1, boosted hp, ignite blood 3, powered
by death 3, (sanguine armour 3), corrupting presence 2, word of chaos, demonic
touch 3, hooves 1, clumsy 2, robust 1, weak 1, wild magic 1, evolution 1
}: 3/15 runes: serpentine, barnacled, silver
a: Word of Chaos, End Transformation, Renounce Religion, Evoke Invisibility,
Bend Time, Temporal Distortion, Slouch, Step From Time


You were on level 20 of a ziggurat.
You worshipped Cheibriados.
Cheibriados was exalted by your worship.
You were a living statue of rough stone.
You visited 10 branches of the dungeon, and saw 46 of its levels.
You visited 2 bazaars.
You visited 1 ziggurat, and saw 20 of its levels.
You also visited: Gauntlet and Desolation.

You collected 9607 gold pieces.
You spent 6903 gold pieces at shops.

Inventory:

Hand Weapons
 a - the +7 Screaming Sword (weapon) {vorpal, sonic wave}
   (You found it on level 7 of the Dungeon)

   It inflicts extra damage upon your enemies.
   It radiates damaging sonic waves as it strikes, especially in combat
   involving dangerous or numerous foes.
Missiles
 l - 15 throwing nets
 x - 27 javelins
Armour
 g - a +1 helmet
 k - a +2 pair of boots (melded)
 D - the +2 kite shield "Trusted Companion" (worn) {rElec rF+ Int+3}
   (You acquired it on level 10 of the Dungeon)

   Int:       It affects your intelligence (+3).
   rF:        It protects you from fire.
   rElec:     It insulates you from electricity.
 M - a +4 troll leather armour (melded)
 S - a +1 cloak of poison resistance
 U - the +0 cloak of Rationality (worn) {Will++ Dex+2}
   (You found it in a Gauntlet)

   Dex:       It affects your dexterity (+2).
   Will:      It greatly increases your willpower.
 W - the +2 buckler "Fokluppo" {Will- rCorr Str+5 Slay+5}
   (You acquired it on level 2 of the Orcish Mines)

   Str:       It affects your strength (+5).
   Slay:      It affects your accuracy & damage with ranged weapons and melee
   (+5).
   rCorr:     It protects you from acid and corrosion.
   Will:      It decreases your willpower.
Jewellery
 c - a +4 ring of protection (left fist)
 K - the ring of the Crown {rN++ EV+4}
   (You found it on level 5 of the Vaults)

   [ring of evasion]

   EV:        It affects your evasion (+4).
   rN:        It greatly protects you from negative energy.
 Q - the amulet "Veyla" (around neck) {+Inv rElec rF+ Regen+ Int+4}
   (You took it off a deep elf high priest on level 3 of the Elven Halls)

   [amulet of regeneration]

   Int:       It affects your intelligence (+4).
   rF:        It protects you from fire.
   rElec:     It insulates you from electricity.
   +Inv:      It lets you turn invisible.
   Regen:     It increases your rate of health regeneration.
 T - the ring of Okawaru's Approval (right fist) {rF+ rN+ rCorr Str+4}
   (You acquired it on level 2 of the Orcish Mines)

   [ring of resist corrosion]

   Str:       It affects your strength (+4).
   rF:        It protects you from fire.
   rN:        It protects you from negative energy.
   rCorr:     It protects you from acid and corrosion.
 Y - a ring of protection from cold
 Z - the ring "Hoatos" {Fly rElec Dex+4}
   (You took it off a deep elf death mage on level 3 of the Elven Halls)

   [ring of flight]

   Dex:       It affects your dexterity (+4).
   rElec:     It insulates you from electricity.
   Fly:       It grants you flight.
Wands
 o - a wand of paralysis (42)
 p - a wand of mindburst (16)
 q - a wand of roots (52)
 t - a wand of quicksilver (29)
 v - a wand of digging (7)
Scrolls
 d - 11 scrolls of fog
 e - 11 scrolls of immolation
 f - 7 scrolls of poison
 h - 21 scrolls of teleportation
 j - 13 scrolls of vulnerability
 n - 11 scrolls of magic mapping
 s - 12 scrolls of amnesia
 y - a scroll of torment
 E - 11 scrolls of fear
 J - 12 scrolls of blinking
 P - a scroll of summoning
 V - 8 scrolls of enchant armour
 X - a scroll of silence
Potions
 b - 10 potions of mutation
 i - 10 potions of ambrosia
 u - 8 potions of brilliance
 w - 12 potions of lignification
 z - 4 potions of resistance
 A - 30 potions of curing
 B - 9 potions of might
 C - 3 potions of invisibility
 F - 2 potions of cancellation
 G - 12 potions of haste
 H - 7 potions of magic
 I - 12 potions of heal wounds
 L - 10 potions of flight
 N - 10 potions of attraction
Miscellaneous
 m - a tin of tremorstones (1/2)
 O - a box of beasts
 R - a condenser vane


   Skills:
 - Level 23.2 Fighting
 - Level 2.0(10.5) Short Blades
 - Level 15.9(16.0) Long Blades
 - Level 15.0 Dodging
 - Level 7.3 Stealth
 - Level 15.7 Shields
 - Level 17.5 Unarmed Combat
 - Level 13.0 Spellcasting
 + Level 2.0 Necromancy
 - Level 6.2 Translocations
 - Level 15.1 Transmutations
 - Level 18.1 Earth Magic
 - Level 22.2 Invocations
 - Level 3.0 Evocations


You had 28 spell levels left.
You knew the following spells:

 Your Spells              Type           Power      Damage    Failure   Level
a - Sandblast             Erth           100%       2d20      1%          1
b - Blink                 Tloc           100%       N/A       1%          2
c - Passwall              Tmut/Erth      100%       N/A       1%          2
d - Apportation           Tloc           100%       N/A       1%          1
e - Passage of Golubria   Tloc           80%        N/A       3%          4
f - Statue Form           Tmut/Erth      80%        N/A       1%          6
g - Necromutation         Tmut/Necr      46%        N/A       99%         8

Your spell library contained the following spells:

 Spells                   Type           Power      Damage    Failure   Level
 Necrotise                Necr           100%       1d9       1%          1
 Sting                    Tmut/Pois      100%       1d8       1%          1
 Wereblood                Tmut           100%       N/A       1%          2
 Gell's Gravitas          Tloc           80%        N/A       1%          3
 Ignite Poison            Fire/Tmut/Pois 74%        N/A       1%          3
 Lesser Beckoning         Tloc           80%        N/A       1%          3
 Spider Form              Tmut/Pois      87%        N/A       1%          3
 Stone Arrow              Conj/Erth      100%       3d13      1%          3
 Teleport Other           Tloc           80%        N/A       1%          3
 Animate Armour           Summ/Erth      100%       N/A       1%          4
 Ice Form                 Ice/Tmut       87%        N/A       1%          4
 Leda's Liquefaction      Hex/Erth       47%        N/A       1%          4
 Petrify                  Tmut/Erth      100%       N/A       1%          4
 Blade Hands              Tmut           58%        N/A       1%          5
 Borgnjor's Vile Clutch   Necr/Erth      49%        N/A       1%          5
 Sublimation of Blood     Necr           55%        N/A       2%          2
 Foxfire                  Conj/Fire      100%       2x1d9     3%          1
 Freeze                   Ice            100%       1d11      3%          1
 Magic Dart               Conj           100%       1d8       3%          1
 Shock                    Conj/Air       100%       1d9       3%          1
 Summon Small Mammal      Summ           100%       N/A       3%          1
 Portal Projectile        Hex/Tloc       100%       N/A       3%          3
 Call Imp                 Summ           35%        N/A       4%          2
 Ensorcelled Hibernation  Hex/Ice        70%        N/A       4%          2
 Poisonous Vapours        Pois/Air       70%        N/A       4%          2
 Scorch                   Fire           70%        2d8       4%          2
 Searing Ray              Conj           70%        2d7       4%          2
 Static Discharge         Conj/Air       35%        3-8/arc   4%          2
 Vampiric Draining        Necr           55%        2d9       4%          3
 Alistair's Intoxication  Tmut/Pois      58%        N/A       4%          5
 Irradiate                Conj/Tmut      43%        3d26      4%          5
 Yara's Violent Unravell  Hex/Tmut       43%        3d17      4%          5
 Dragon Form              Tmut           58%        N/A       5%          7
 Manifold Assault         Tloc           80%        N/A       7%          5
 Call Canine Familiar     Summ           35%        N/A       9%          3
 Confusing Touch          Hex            35%        N/A       9%          3
 Dazzling Flash           Conj/Hex       70%        N/A       9%          3
 Frozen Ramparts          Ice            70%        1d11      9%          3
 Inner Flame              Hex/Fire       35%        N/A       9%          3
 Mephitic Cloud           Conj/Pois/Air  35%        N/A       9%          3
 Ozocubu's Armour         Ice            35%        N/A       9%          3
 Summon Guardian Golem    Hex/Summ       35%        N/A       9%          3
 Swiftness                Air            35%        N/A       9%          3
 Tukima's Dance           Hex            35%        N/A       9%          3
 Iskenderun's Mystic Bla  Conj/Tloc      62%        2d13      9%          4
 Iron Shot                Conj/Erth      47%        9d9       11%         6
 Animate Dead             Necr           55%        N/A       13%         4
 Dispel Undead            Necr           55%        3d20      13%         4
 Anguish                  Hex/Necr       23%        N/A       17%         4
 Eringya's Noxious Bog    Tmut/Pois      43%        N/A       19%         6
 Corpse Rot               Necr/Pois/Air  43%        N/A       21%         4
 Summon Forest            Summ/Tloc      31%        N/A       21%         5
 Cause Fear               Hex            17%        N/A       26%         4
 Flame Wave               Conj/Fire      35%        2d10      26%         4
 Fulminant Prism          Conj/Hex       17%        3d11      26%         4
 Hailstorm                Conj/Ice       35%        3d9       26%         4
 Olgreb's Toxic Radiance  Pois           35%        N/A       26%         4
 Summon Ice Beast         Ice/Summ       35%        N/A       26%         4
 Summon Lightning Spire   Summ/Air       35%        N/A       26%         4
 Agony                    Necr           55%        N/A       30%         5
 Dispersal                Tloc           40%        N/A       30%         6
 Fireball                 Conj/Fire      17%        3d9       54%         5
 Freezing Cloud           Conj/Ice/Air   17%        6-21      54%         5
 Iskenderun's Battlesphe  Conj           35%        2d9       54%         5
 Lightning Bolt           Conj/Air       17%        1d32      54%         5
 Metabolic Englaciation   Hex/Ice        17%        N/A       54%         5
 Silence                  Hex/Air        17%        N/A       54%         5
 Summon Mana Viper        Hex/Summ       35%        N/A       54%         5
 Storm Form               Tmut/Air       43%        N/A       67%         7
 Death Channel            Necr           27%        N/A       83%         6
 Simulacrum               Ice/Necr       23%        N/A       92%         6
 Conjure Ball Lightning   Conj/Air       17%        3x3d6     98%         6
 Starburst                Conj/Fire      17%        6d6       98%         6
 Summon Cactus Giant      Summ           17%        N/A       98%         6
 Lehudib's Crystal Spear  Conj/Erth      47%        10d11     98%         8
 Malign Gateway           Summ/Tloc      31%        N/A       99%         7
 Enfeeble                 Hex            17%        N/A       100%        7
 Haunt                    Necr/Summ      23%        N/A       100%        7
 Monstrous Menagerie      Summ           17%        N/A       100%        7
 Orb of Destruction       Conj           17%        9d7       100%        7
 Ozocubu's Refrigeration  Ice            17%        4d11      100%        7
 Spellforged Servitor     Conj/Summ      17%        N/A       100%        7
 Discord                  Hex            17%        N/A       100%        8
 Disjunction              Tloc           40%        N/A       100%        8
 Ignition                 Fire           17%        3d7       100%        8
 Infestation              Necr           27%        N/A       100%        8
 Maxwell's Capacitive Co  Air            17%        ∞         100%        8
 Summon Horrible Things   Summ           17%        N/A       100%        8
 Dragon's Call            Summ           17%        N/A       100%        9
 Polar Vortex             Ice            17%        N/A       100%        9


Dungeon Overview and Level Annotations

Branches:
Dungeon (15/15)            Temple (1/1) D:7            Lair (5/5) D:11
 Shoals (4/4) Lair:2        Snake (4/4) Lair:2        Slime (0/5) Lair:5
    Orc (2/2) D:11            Elf (3/3) Orc:2        Vaults (5/5) D:14
  Crypt (3/3) Vaults:3       Tomb (0/3) Crypt:3      Depths (4/4) D:15
    Zot (0/5) Depths:4    Desolation (visited)      Gauntlet (visited)

Altars:
Ashenzari
Cheibriados
Dithmenos
Fedhas
Gozag
Hepliaklqana
Kikubaaqudgha
Makhleb
Nemelex Xobeh
Okawaru
Qazlal
Ru
Sif Muna
Trog
Uskayaw
Vehumet
Wu Jian
Xom
Yredelemnul
Lugonu

Shops:
D:1 *   D:6 :   D:13 *   Orc:2 *[(=?   Elf:1 *   Elf:3 *   Snake:1 !!*
Snake:2 !?*   Snake:3 [   Vaults:2 !(?(:   Vaults:3 [   Depths:1 *

Portals:
Hell: Depths:1 Depths:2 Depths:3 Depths:4
Abyss: Depths:3
Pandemonium: Depths:1 Depths:2 Depths:3

Annotations:
D:9 Erolcha
D:10 exclusion: ice statue
D:13 3 runed translucent doors, SirDiesAlot's ghost, journeyman DsGl
Lair:2 exclusion: 3 oklob plants
Lair:5 exclusion: obsidian statue
Elf:2 5 runed translucent doors


Innate Abilities, Weirdness & Mutations

You are a living statue of rough stone.
Your actions are slow, but your melee attacks are powerful.
You are resistant to unholy torment.
Your maximum health is greatly increased.
You are immune to poison.
Your equipment is partially melded.
Your demonic aura causes all spilled blood to erupt in flames.
You regenerate a lot of health from kills.
((When seriously injured, your blood forms very thick armour. (AC +0)))
Your presence sometimes corrodes or deforms those you injure.
You can speak a Word of Chaos.
Your touch may irresistibly damage your foes and sap their willpower.
You have large cloven feet.
You are very clumsy. (Dex -4)
You are robust. (+10% HP)
You are weak. (Str -2)
Your spells are a little harder to cast, but a little more powerful.
You have hidden genetic potential.


Message History

The golden dragon skeleton is heavily damaged.
The fiery explosion engulfs the royal mummy!!!
Flame seeps out of the royal mummy.
The royal mummy is heavily damaged.
You feel extremely nervous for a moment...
Pain shoots through your body!
* * * LOW HITPOINT WARNING * * *
The guardian mummy explodes!
The fiery explosion engulfs the guardian mummy!!
Flame seeps out of the guardian mummy.
The guardian mummy is severely damaged.
The fiery explosion engulfs the royal mummy!!
Flame seeps out of the royal mummy.
The royal mummy is moderately damaged.
The fiery explosion engulfs the golden dragon skeleton!!
Flame seeps out of the golden dragon skeleton.
The golden dragon skeleton is almost destroyed.
You feel extremely nervous for a moment...
You are engulfed in negative energy!
You feel dopey.
The royal mummy explodes!
The emperor scorpion explodes!
The fiery explosion engulfs you. You resist.
* * * LOW HITPOINT WARNING * * *
The emperor scorpion explodes!
The fiery explosion engulfs you. You resist.
* * * LOW HITPOINT WARNING * * *
The emperor scorpion explodes!
The fiery explosion engulfs you. You resist.
* * * LOW HITPOINT WARNING * * *
The tengu reaver zombie is engulfed in blazing flames.
Flame seeps out of the tengu reaver zombie.
The royal mummy is engulfed in blazing flames.
Flame seeps out of the royal mummy.
The royal mummy is engulfed in blazing flames.
Flame seeps out of the royal mummy.
The royal mummy is engulfed in blazing flames.
Flame seeps out of the royal mummy.
The royal mummy casts a spell at you. Something smites you!
You die...

.....................▓
.M...W.9.............▓
.B.M9M...............▓
....MMZ§○Z...........▓
.B.M.§M§M§M..........▓
M..§ZM§§§§s▓▓▓▓▓▓▓▓▓▓▓
..s○Z§§§§§§▓
..9○M§○○§○§▓
..Z§§○○○§○8▓
▓▓▓▓▓▓▓▓▓▓▓▓


You could see 4 royal mummies, a mummy priest (inner flame), a guardian mummy
(inner flame), 2 ushabtiu, a freezing wraith (summoned), a mummy (inner flame),
a tengu reaver zombie (inner flame) and a golden dragon skeleton (inner flame).

Vanquished Creatures
  2 ancient liches (Vaults:5)
  Khufu (Crypt:1)
  3 orbs of fire (Zig:13)
  6 royal mummies
  The ghost of Houmnergh the Rich, a master GnTm of Gozag (Crypt:2)
  The ghost of Houmnergh the Rich, a master GnTm of Gozag (Crypt:1)
  3 Killer Klowns (Zig:6)
  Margery (Vaults:5)
  Frederick (Depths:4)
  11 caustic shrikes
  Xtahua (Vaults:3)
  3 bone dragons
  Jory (Depths:3)
  4 Brimstone Fiends
  2 golden dragons (Depths:4)
  4 profane servitors
  2 Tzitzimimeh (Zig:18)
  2 iron giants (Zig:17)
  Rupert (Lair:4)
  Jorgrun (Shoals:3)
  An Ice Fiend (Zig:18)
  6 Hell Sentinels
  4 liches
  9 tentacled monstrosities
  4 titans
  A walking divine tome (Zig:19)
  2 deep elf master archers (Elf:3)
  7 acid blobs
  5 ancient champions
  2 deep elf blademasters (Elf:3)
  An acid blob (shapeshifter) (Vaults:5)
  9 tentacled starspawn
  Polyphemus (Shoals:3)
  2 Executioners
  7 sphinxes
  9 shadow dragons
  3 nagarajas
  3 revenants
  A storm dragon (Vaults:5)
  7 tengu reavers
  4 demonspawn warmongers
  8 deep elf sorcerers
  7 fire giants
  2 rockslimes (Zig:14)
  5 draconian knights
  A fenstrider witch (Zig:8)
  4 iron dragons
  8 quicksilver elementals
  7 frost giants
  8 balrugs
  4 draconian scorchers
  20 vault wardens
  2 juggernaut zombies (Crypt:3)
  3 caustic shrike zombies
  7 draconian shifters
  2 cacodemons
  4 orc warlords
  3 pandemonium lords
  5 draconian stormcallers
  14 ghouls
  An imperial myrmidon (Desolation)
  9 deep elf elementalists (Elf:3)
  3 curse skulls
  20 ironbound preservers
  An angel (Zig:11)
  6 demonspawn blood saints
  A reaper (Vaults:3)
  A quicksilver ooze (shapeshifter) (Elf:1)
  39 very ugly things
  A juggernaut skeleton (Zig:20)
  2 draconian annihilators (Zig:16)
  2 demonspawn corrupters
  13 war gargoyles
  17 stone giants
  2 quicksilver oozes
  A stone giant (shapeshifter) (Vaults:5)
  2 spriggan defenders (Depths:4)
  4 ironbound thunderhulks
  5 vampire knights
  A halazid warlock (Desolation)
  2 green draconians
  2 black draconians
  4 deep elf demonologists
  4 demonspawn black suns
  3 white draconians
  A purple draconian (Depths:4)
  3 red draconians
  3 lorocyprocas
  A bunyip (shapeshifter) (Vaults:5)
  15 dire elephants
  A bunyip (Zig:8)
  7 spark wasps
  3 yellow draconians
  8 deep elf annihilators
  A minotaur (Gauntlet)
  2 green deaths (Zig:18)
  10 eidola
  5 blizzard demons
  12 deep elf death magi
  6 crystal guardians
  7 ettins
  A quicksilver dragon zombie (Crypt:3)
  7 iron golems
  Josephine (D:10)
  4 merfolk javelineers
  7 jiangshi
  5 servants of whispers (Desolation)
  8 merfolk impalers
  7 great orbs of eyes
  4 mummy priests
  6 fire dragons
  8 deep elf high priests
  6 ragged hierophants (Desolation)
  4 rakshasas
  Harold (Lair:2)
  A juggernaut simulacrum (Crypt:1)
  A quicksilver dragon skeleton (Zig:20)
  13 yaktaur captains
  29 vault guards
  6 salamander tyrants
  5 boulder beetles
  10 hydras
  5 peacekeepers
  2 spriggan air magi
  9 ice dragons
  6 ironbound frosthearts
  2 alligator snapping turtles
  4 merfolk avatars
  13 anacondas
  2 catoblepae
  8 centaur warriors
  4 ogre magi
  3 ghost crabs
  4 death knights
  2 two-headed ogres (shapeshifter)
  11 dancing weapons
  6 two-headed ogres
  A satyr (Shoals:3)
  A death scarab (Zig:20)
  3 deep troll shamans
  4 merfolk aquamancers
  13 naga warriors
  7 death yaks
  8 vampire magi
  10 tengu warriors
  10 thrashing horrors
  9 shock serpents
  10 deep troll earth magi
  9 hell knights
  10 spriggan berserkers
  3 orc high priests
  7 hell hogs
  10 naga sharpshooters
  6 crystal echidnas
  9 sun demons
  10 deep elf knights
  4 soul eaters
  5 wretched stars
  2 emperor scorpion zombies (Crypt:1)
  3 spectral death yaks (Lair:5)
  6 spriggans
  4 fire crabs (Zig:13)
  3 iron trolls
  38 deep trolls
  14 skeletal warriors
  2 swamp dragons (Zig:7)
  9 salamander mystics
  23 sea snakes
  5 glowing orange brains
  A spectral anaconda (Lair:5)
  9 flayed ghosts
  An orange crystal statue (Vaults:3)
  3 spatial maelstroms (Zig:19)
  19 deep elf archers
  12 large abominations
  20 ironbound convokers
  8 shadow demons
  A spriggan simulacrum (Crypt:1)
  2 naga ritualists
  20 lindwurms
  6 orc knights
  10 wizards
  4 bog bodies
  A bunyip skeleton (Crypt:2)
  14 necromancers
  29 harpies
  28 deep elf zephyrmancers
  20 deep elf pyromancers
  2 tengu zombies
  6 mana vipers
  20 phantasmal warriors
  A fire giant zombie (Depths:1)
  An anaconda skeleton (Crypt:1)
  3 wolf spiders
  A sphinx zombie (Depths:1)
  29 ugly things
  An oklob plant (Lair:3)
  6 orc sorcerers
  8 cyclopes
  19 manticores
  5 shining eyes
  11 fauns
  29 slime creatures
  2 will-o-the-wisps
  10 salamanders
  A worldbinder (Zig:11)
  A fire giant skeleton (Depths:1)
  2 stone giant zombies
  3 apocalypse crabs
  2 naga zombies (Crypt:3)
  A toenail golem (Zig:11)
  15 vault sentinels
  6 elephants (Lair:5)
  14 merfolk sirens
  A dire elephant zombie (Lair:5)
  10 guardian serpents
  16 naga magi
  2 eyes of devastation (Zig:14)
  7 water nymphs
  25 black mambas
  A dire elephant skeleton (Crypt:1)
  9 smoke demons
  8 torpor snails
  2 rust devils
  13 cane toads
  A molten gargoyle (Desolation)
  An unseen horror (D:11)
  A pale draconian zombie (Crypt:2)
  6 rime drakes
  2 gargoyles
  2 orange demons
  9 hellions
  7 freezing wraiths
  43 yaktaurs
  A komodo dragon (shapeshifter) (D:14)
  4 komodo dragons
  A hellwing (Depths:2)
  3 tormentors
  4 tengu conjurers
  2 efreet (Zig:13)
  4 red devils
  An ancient zyme (Zig:19)
  A merfolk (shapeshifter) (Vaults:5)
  A queen bee (Lair:2)
  A yellow draconian skeleton (Crypt:1)
  A white draconian skeleton (Crypt:1)
  7 guardian mummies
  12 trolls
  An iron troll skeleton (Crypt:2)
  5 harpy zombies
  29 merfolk
  A moth of wrath zombie (Crypt:1)
  A polar bear (Lair:2)
  A sphinx simulacrum (Vaults:4)
  A hydra zombie (Crypt:1)
  A tyrant leech (Zig:7)
  6 hornets
  8 wind drakes
  A tarantella (shapeshifter) (D:15)
  8 raiju
  A spectral elephant (Lair:5)
  32 saltlings (Desolation)
  13 blink frogs
  6 spriggan zombies
  A tarantella zombie (Crypt:1)
  19 dream sheep
  11 snapping turtles
  Sigmund (D:3)
  A black mamba zombie (Crypt:1)
  An ettin skeleton (Crypt:1)
  16 flying skulls
  15 water elementals
  4 jumping spiders (Crypt:3)
  2 air elementals (Elf:3)
  Eustachio (D:5)
  3 ushabtiu (Zig:20)
  21 wraiths
  A shadow (D:11)
  3 ynoxinuls
  4 wyverns
  A human (shapeshifter) (Elf:2)
  39 yaks
  3 golden eyes
  8 fire elementals
  A golden eye (shapeshifter) (Vaults:5)
  6 basilisks
  2 neqoxecs (Zig:19)
  4 chaos spawn
  A steam dragon (D:8)
  A death yak simulacrum (Lair:5)
  11 vampire mosquitoes
  A spatial vortex (Zig:19)
  3 redbacks (Crypt:3)
  A glowing shapeshifter zombie (Vaults:4)
  3 wargs
  3 acid dragons
  36 nagas
  10 water moccasins
  3 hell hounds (Zig:13)
  A floating eye (Zig:16)
  A swamp drake (shapeshifter) (Depths:4)
  A black bear (D:6)
  An elephant zombie (Lair:5)
  47 orc warriors
  A human zombie (Vaults:4)
  2 ice beasts (D:6)
  3 boggarts (D:15)
  An elephant skeleton (Lair:5)
  12 wolves
  15 ogres
  2 centaurs
  2 phantoms
  14 bullfrogs
  6 kobold brigands
  Blork the orc (Orc:2)
  16 necrophages
  3 earth elementals
  11 scorpions
  9 gnoll sergeants
  9 wights (D:7)
  6 wyvern skeletons (Crypt:3)
  24 killer bees
  A queen bee zombie (Crypt:2)
  A warg zombie (Crypt:2)
  A killer bee (shapeshifter) (Depths:2)
  2 elephant simulacra (Lair:5)
  4 electric eels (Snake:2)
  A vampire bat (Orc:2)
  A yak skeleton (Crypt:1)
  A polar bear skeleton (Crypt:1)
  6 howler monkeys
  44 starcursed masses
  3 hounds (D:5)
  19 orc priests
  A black bear skeleton (Crypt:2)
  Ijyb (D:3)
  14 orc wizards
  A boggart simulacrum (D:15)
  10 mummies
  24 gnolls
  12 adders
  A shadow imp (D:7)
  A white imp (D:6)
  2 ufetubi
  A lava snake zombie (Crypt:1)
  A worm (D:3)
  7 dart slugs
  98 orcs
  19 bats
  7 endoplasms
  3 giant cockroaches
  8 goblins
  10 hobgoblins
  10 jackals
  4 quokkas
  5 ball pythons
  2 frilled lizards (D:1)
  23 kobolds
  An orc skeleton (Crypt:2)
  8 rats
  2 briar patches (Zig:8)
  2 bushes (Lair:4)
  11 starspawn tentacles
2490 creatures vanquished.

Vanquished Creatures (collateral kills)
  An orc sorcerer (Orc:2)
  An orc knight (Orc:2)
  An orc priest (Orc:2)
  An orc wizard (Orc:2)
4 creatures vanquished.

Vanquished Creatures (others)
  An Ice Fiend (Zig:10)
  A thorn hunter (Zig:8)
  2 fire giants (Zig:13)
  A balrug (Zig:10)
  A war gargoyle (Zig:17)
  A demonspawn blood saint (Zig:10)
  A blizzard demon (Zig:10)
  A fire dragon (Zig:13)
  A deep elf high priest (Depths:3)
  An ogre mage (Vaults:5)
  A hell beast (Zig:18)
  A hydra (Zig:7)
  A shadow wraith (Vaults:5)
  2 wretched stars (Zig:19)
  A deep troll (Vaults:1)
  A deep elf archer (Elf:3)
  A will-o-the-wisp (Zig:7)
  A bloated husk (Zig:7)
  2 hounds (D:5)
  An iguana (D:5)
  2 adders (D:5)
  A jackal (D:5)
  A kobold (D:7)
  2 bushes (Lair:4)
  7 foxfires
  54 fungi
  243 plants
  21 starspawn tentacles
  62 withered plants
416 creatures vanquished.

Grand Total: 2910 creatures vanquished

Notes
Turn   | Place    | Note
-------+----------+-------------------------------------------
     0 | D:1      | frimble the Demonspawn Earth Elementalist began the quest
                  | for the Orb.
     0 | D:1      | Reached XP level 1. HP: 13/13 MP: 3/3
    49 | D:1      | Reached skill level 1 in Transmutations
   245 | D:1      | Found a faded altar of an unknown god.
   485 | D:1      | Gained mutation: Your demonic aura sometimes causes spilled
                  | blood to erupt in flames. [demonic ancestry]
   485 | D:1      | Reached XP level 2. HP: 15/19 MP: 3/5
   921 | D:1      | Reached skill level 1 in Short Blades
   999 | D:1      | Gained mutation: You regenerate a little health from kills.
                  | [demonic ancestry]
   999 | D:1      | Reached XP level 3. HP: 18/24 MP: 3/6
  1307 | D:1      | Found Vaor's General Store.
  1315 | D:1      | Bought a potion of degeneration for 14 gold pieces
  1316 | D:1      | Bought a scroll of identify for 28 gold pieces
  1931 | D:2      | Gained mutation: When seriously injured, your blood forms
                  | armour. (AC +0) [demonic ancestry]
  1931 | D:2      | Reached XP level 4. HP: 30/30 MP: 4/7
  2621 | D:3      | Noticed Sigmund
  2642 | D:4      | Noticed an ogre
  2811 | D:3      | Noticed Ijyb
  2837 | D:3      | Killed Ijyb
  2838 | D:3      | Reached skill level 1 in Fighting
  2838 | D:3      | Reached skill level 1 in Evocations
  2838 | D:3      | Gained mutation: Your touch may inflict minor irresistible
                  | damage on your foes. [demonic ancestry]
  2838 | D:3      | Reached XP level 5. HP: 33/37 MP: 8/8
  3228 | D:3      | Killed Sigmund
  3229 | D:3      | Reached skill level 2 in Fighting
  3229 | D:3      | Reached XP level 6. HP: 46/46 MP: 9/9
  3300 | D:4      | Reached skill level 3 in Fighting
  3306 | D:4      | Reached skill level 4 in Fighting
  3519 | D:4      | Gained mutation: Your demonic aura often causes spilled
                  | blood to erupt in flames. [demonic ancestry]
  3519 | D:4      | Reached XP level 7. HP: 31/55 MP: 1/10
  3868 | D:5      | Entered Level 5 of the Dungeon
  3868 | D:5      | Found a shimmering altar of Xom.
  3885 | D:5      | Reached skill level 5 in Fighting
  4003 | D:5      | Reached skill level 6 in Fighting
  4097 | D:5      | Noticed Eustachio
  4315 | D:5      | Killed Eustachio
  4316 | D:5      | Gained mutation: When seriously injured, your blood forms
                  | thick armour. (AC +0) [demonic ancestry]
  4316 | D:5      | Reached XP level 8. HP: 42/65 MP: 11/11
  4787 | D:5      | Found a stormy altar of Qazlal.
  4787 | D:5      | Found an iron altar of Okawaru.
  4799 | D:5      | Found a shadowy altar of Dithmenos.
  4802 | D:5      | Found a radiant altar of Vehumet.
  5271 | D:6      | Reached skill level 5 in Unarmed Combat
  5428 | D:6      | Found Roipnakh's Book Shop.
  5613 | D:6      | Bought a book of Spatial Translocations for 286 gold pieces
  5616 | D:6      | Learned a level 2 spell: Blink
  5664 | D:6      | Gained mutation: When seriously injured, your blood forms
                  | very thick armour. (AC +0) [demonic ancestry]
  5664 | D:6      | Reached XP level 9. HP: 63/71 MP: 9/12
  5888 | D:6      | Found a sparkling altar of Nemelex Xobeh.
  6600 | D:7      | Found a staircase to the Ecumenical Temple.
  6786 | Temple   | Entered the Ecumenical Temple
  7087 | Temple   | Became a worshipper of Cheibriados the Contemplative
  7267 | D:7      | Reached skill level 1 in Translocations
  7559 | D:7      | Reached * piety under Cheibriados
  7595 | D:7      | Found the +7 Singing Sword {vorpal, sonic wave}
  7789 | D:7      | Reached skill level 7 in Fighting
  7925 | D:7      | Reached skill level 1 in Long Blades
  8084 | D:7      | Identified a scroll of acquirement
  8084 | D:7      | Acquired 816 gold pieces
  8260 | D:8      | Reached ** piety under Cheibriados
  8265 | D:8      | Reached XP level 10. HP: 65/79 MP: 13/13
  9383 | D:9      | Found an ornate altar of the Wu Jian Council.
  9432 | D:9      | Noticed a cyclops
  9446 | D:9      | Killed a cyclops
  9447 | D:9      | Reached skill level 5 in Translocations
  9528 | D:9      | Identified the +5 longbow of Kismet {venom, rPois}
  9968 | D:9      | Noticed Erolcha
  9972 | D:9      | Reached skill level 5 in Long Blades
  9997 | D:10     | Entered Level 10 of the Dungeon
 10272 | D:10     | Noticed Josephine
 10278 | D:10     | Killed Josephine
 10279 | D:10     | Reached *** piety under Cheibriados
 10639 | D:10     | Reached XP level 11. HP: 51/84 MP: 14/14
 11121 | D:10     | Acquired the +2 kite shield "Trusted Companion" {rElec rF+
                  | Int+3}
 11236 | D:11     | Identified the +8 chain mail "Koteag" {rPois rN+ Stlth+}
 11369 | D:11     | Found a staircase to the Orcish Mines.
 11375 | D:11     | Reached **** piety under Cheibriados
 11632 | D:11     | Reached skill level 10 in Long Blades
 11798 | D:11     | Found a staircase to the Lair.
 11818 | D:11     | Noticed a boulder beetle
 11826 | D:11     | Killed a boulder beetle
 11827 | D:11     | Reached skill level 1 in Shields
 12202 | D:12     | Noticed a boulder beetle
 12260 | D:12     | Noticed a seven-headed hydra
 12304 | D:13     | Noticed a centaur warrior
 12312 | D:13     | Killed a centaur warrior
 12336 | D:13     | Noticed a tengu warrior
 12336 | D:13     | Noticed a centaur warrior
 12344 | D:13     | Killed a centaur warrior
 12345 | D:13     | Reached skill level 1 in Invocations
 12345 | D:13     | Gained mutation: Your touch may inflict irresistible damage
                  | on your foes. [demonic ancestry]
 12345 | D:13     | Reached XP level 12. HP: 48/91 MP: 15/15
 12345 | D:13     | Killed a tengu warrior
 12346 | D:13     | Noticed a centaur warrior
 12408 | D:13     | Noticed a two-headed ogre
 12416 | D:13     | Killed a two-headed ogre
 12497 | D:13     | Noticed a two-headed ogre
 12502 | D:13     | Killed a two-headed ogre
 12541 | D:13     | Found a corrupted altar of Lugonu.
 12634 | D:13     | Reached ***** piety under Cheibriados
 12786 | D:13     | Found a runed translucent gate.
 12787 | D:13     | Found a runed translucent gate.
 12787 | D:13     | Found an opulent altar of Gozag.
 12788 | D:13     | Found a runed translucent gate.
 12792 | D:13     | Found Fethuaf's Assorted Antiques.
 12793 | D:13     | Noticed a rakshasa
 12793 | D:13     | Noticed SirDiesAlot's ghost (journeyman DsGl)
 12793 | D:13     | Noticed a boulder beetle
 13024 | D:13     | Killed a centaur warrior
 13075 | D:13     | Noticed a catoblepas
 13083 | D:13     | Killed a catoblepas
 13469 | D:12     | Killed a seven-headed hydra
 13470 | D:12     | Reached skill level 5 in Invocations
 13511 | D:12     | Noticed a centaur warrior
 13512 | D:12     | Killed a centaur warrior
 13513 | D:12     | Reached skill level 5 in Dodging
 13533 | D:12     | Killed a boulder beetle
 14226 | Lair:1   | Entered Level 1 of the Lair of Beasts
 14226 | Lair:1   | Noticed a four-headed hydra
 14232 | Lair:1   | Killed a four-headed hydra
 14477 | Lair:1   | Reached XP level 13. HP: 96/96 MP: 18/18
 14868 | Lair:2   | Noticed Harold
 14880 | Lair:2   | Killed Harold
 14916 | Lair:2   | Found a sacrificial altar of Ru.
 14926 | Lair:2   | You fall into a shaft and drop 2 floors!
 14970 | Lair:4   | Noticed Rupert
 14973 | Lair:5   | Entered Level 5 of the Lair of Beasts
 15130 | Lair:5   | Reached ****** piety under Cheibriados
 15169 | Lair:5   | Reached skill level 5 in Shields
 15485 | Lair:5   | Found a staircase to the Slime Pits.
 15729 | Lair:5   | Noticed a dire elephant
 15730 | Lair:5   | Noticed a dire elephant
 15855 | Lair:5   | Identified the +4 long sword "Capn" {drain, Int+3}
 16044 | Lair:5   | Killed a dire elephant
 16047 | Lair:5   | Killed a dire elephant
 16048 | Lair:5   | Reached skill level 10 in Invocations
 16095 | Lair:5   | Identified the +8 short sword of Can Dosch {flame, rElec
                  | Will- rCorr Stlth-}
 16129 | Lair:5   | Reached XP level 14. HP: 97/103 MP: 21/21
 16368 | Lair:4   | Killed Rupert
 16474 | Lair:4   | Reached skill level 15 in Long Blades
 18214 | Lair:2   | Found a staircase to the Snake Pit.
 18518 | Lair:2   | Found a staircase to the Shoals.
 19096 | D:14     | You fall into a shaft and drop 1 floor!
 19096 | D:15     | Entered Level 15 of the Dungeon
 19260 | D:15     | Found a staircase to the Depths.
 19260 | D:15     | Noticed a frost giant
 20220 | D:14     | Reached XP level 15. HP: 108/108 MP: 23/23
 20286 | D:14     | Found a broken altar of Ashenzari.
 20367 | D:14     | Found a gate to the Vaults.
 20635 | Orc:1    | Entered Level 1 of the Orcish Mines
 20659 | Orc:1    | Reached skill level 10 in Shields
 20740 | Orc:1    | Noticed an orc warlord
 20747 | Orc:1    | Noticed an orc warlord
 20748 | Orc:1    | Killed an orc warlord
 20771 | Orc:1    | Killed an orc warlord
 20790 | Orc:1    | Noticed an orc warlord
 20799 | Orc:1    | Killed an orc warlord
 20992 | Orc:1    | Got the Encyclopedia of Attendants and Embers
 21171 | Orc:2    | Entered Level 2 of the Orcish Mines
 21178 | Orc:2    | Found a staircase to the Elven Halls.
 21210 | Orc:2    | Found Cux Kaxa's Magic Scroll Shoppe.
 21266 | Orc:2    | Found a gate leading to a gauntlet.
 21277 | Gauntlet | Entered a Gauntlet
 21277 | Gauntlet | Found a transporter.
 21294 | Gauntlet | Found a transporter.
 21307 | Gauntlet | Found a transporter.
 21310 | Gauntlet | Found a transporter.
 21320 | Gauntlet | Found a transporter.
 21340 | Gauntlet | Found a transporter.
 21353 | Gauntlet | Found a transporter.
 21375 | Gauntlet | Found a transporter.
 21377 | Gauntlet | Found a transporter.
 21385 | Gauntlet | Found a transporter.
 21415 | Gauntlet | Found a transporter.
 21415 | Gauntlet | Found a transporter.
 21538 | Gauntlet | Identified the +0 cloak of Rationality {Will++ Dex+2}
 21588 | Gauntlet | Identified the +11 spear "Embalmer" {holy, MP+9}
 21655 | Orc:2    | Noticed an orc warlord
 21656 | Orc:2    | Noticed Blork the orc
 21661 | Orc:2    | Killed Blork the orc
 21672 | Orc:2    | Killed an orc warlord
 21698 | Orc:2    | Found Uczowni's Antique Weapon Shoppe.
 21704 | Orc:2    | Found Ygyvung's General Store.
 21722 | Orc:2    | Bought 3 scrolls of acquirement for 2340 gold pieces
 21767 | Orc:2    | Found Idoomef's Antique Armour Shoppe.
 21771 | Orc:2    | Found Tinaoh's Jewellery Shoppe.
 21825 | Orc:2    | Acquired a manual of Unarmed Combat
 21827 | Orc:2    | Acquired 909 gold pieces
 21829 | Orc:2    | Acquired the ring of Okawaru's Approval {rF+ rN+ rCorr
                  | Str+4}
 21854 | Orc:2    | Bought a scroll of acquirement for 832 gold pieces
 21854 | Orc:2    | Acquired the +2 buckler "Fokluppo" {Will- rCorr Str+5
                  | Slay+5}
 22181 | Orc:2    | Bought an embroidered hat for 287 gold pieces
 22329 | Elf:1    | Entered Level 1 of the Elven Halls
 22415 | Elf:1    | Reached skill level 8 in Fighting
 22638 | Elf:1    | Reached skill level 9 in Fighting
 22680 | Elf:1    | Reached skill level 10 in Fighting
 22799 | Elf:1    | Reached XP level 16. HP: 89/123 MP: 24/24
 22852 | Elf:1    | Found a bloodstained altar of Trog.
 22992 | Elf:1    | Found Podysoi's General Store.
 23085 | Elf:1    | Bought a scroll of enchant armour for 127 gold pieces
 23135 | Orc:2    | Bought a scroll of enchant armour for 120 gold pieces
 23227 | Elf:1    | Reached skill level 11 in Fighting
 23268 | Elf:1    | Got Siuno's Verses on the Salvo
 23742 | Elf:2    | Reached skill level 12 in Fighting
 23822 | Elf:2    | Found a huge runed translucent gate.
 23822 | Elf:2    | Found a huge runed translucent gate.
 23823 | Elf:2    | Found a huge runed translucent gate.
 23823 | Elf:2    | Found a huge runed translucent gate.
 23824 | Elf:2    | Found a huge runed translucent gate.
 24141 | Elf:3    | Entered Level 3 of the Elven Halls
 24189 | Elf:3    | Noticed a deep elf blademaster
 24196 | Elf:3    | Killed a deep elf blademaster
 24219 | Elf:3    | Paralysed by an air elemental for 1 turns
 24340 | Elf:3    | Found Casouv's Assorted Antiques.
 24346 | Elf:3    | Bought a scroll of teleportation for 129 gold pieces
 24419 | Elf:3    | Noticed a Hell Sentinel
 24659 | Elf:3    | Identified the +12 plate armour of Time Monsters {Dex+4}
 24659 | Elf:3    | Identified the amulet "Veyla" {+Inv rElec rF+ Regen+ Int+4}
 24660 | Elf:3    | Identified the +5 mace "Sufym Gept" {flame, rN+ Int+4}
 24665 | Elf:3    | Noticed a deep elf master archer
 24675 | Elf:3    | Noticed a deep elf blademaster
 24679 | Elf:3    | Reached skill level 15 in Shields
 24683 | Elf:3    | Killed a deep elf blademaster
 24694 | Elf:3    | Reached XP level 17. HP: 133/133 MP: 22/25
 24700 | Elf:3    | Identified the +7 dire flail of Discord {vorpal, Dex+2}
 24700 | Elf:3    | Identified the ring "Hoatos" {Fly rElec Dex+4}
 24709 | Elf:3    | Killed a deep elf master archer
 24730 | Elf:3    | Noticed a deep elf master archer
 24736 | Elf:3    | Killed a deep elf master archer
 24831 | Elf:3    | Got Sif Muna's Collected Works on the Deathly Snake
 24835 | Elf:3    | Got Sif Muna's Codex of Companions and Vitiation
 24841 | Elf:3    | Got the Octavo of Captivating Pollution
 24899 | Elf:3    | Identified the +1 kite shield of the Teaching Gods
                  | {Rampage}
 25308 | Snake:1  | Entered Level 1 of the Snake Pit
 25343 | Snake:1  | Identified the +4 sling of Hicescho {vorpal, Int+3}
 25584 | Snake:1  | Found Jetomp's Assorted Antiques.
 25587 | Snake:1  | Bought a scroll of vulnerability for 124 gold pieces
 25863 | Snake:1  | Found Kemufim's Distillery.
 25865 | Snake:1  | Found Nytwimae's Distillery.
 25870 | Snake:1  | Bought a potion of berserk rage for 80 gold pieces
 25870 | Snake:1  | Bought a potion of curing for 48 gold pieces
 25870 | Snake:1  | Bought a potion of curing for 48 gold pieces
 26287 | Snake:2  | Reached skill level 13 in Fighting
 26304 | Snake:2  | You fall into a shaft and drop 1 floor!
 26927 | Snake:3  | Found Ykenak's Antique Armour Emporium.
 27378 | Snake:2  | Found Widee's Distillery.
 27380 | Snake:2  | Found Todiohag's Magic Scroll Shoppe.
 27382 | Snake:2  | Found Vixear's Assorted Antiques.
 27386 | Snake:2  | Bought a potion of resistance for 140 gold pieces
 27386 | Snake:2  | Bought a potion of attraction for 42 gold pieces
 27388 | Snake:2  | Bought a scroll of enchant armour for 97 gold pieces
 27390 | Snake:2  | Bought a potion of mutation for 232 gold pieces
 27390 | Snake:2  | Bought a glowing hat for 203 gold pieces
 27797 | Snake:4  | Entered Level 4 of the Snake Pit
 27893 | Snake:4  | Gained mutation: Your touch may irresistibly damage your
                  | foes and sap their willpower. [demonic ancestry]
 27893 | Snake:4  | Reached XP level 18. HP: 85/145 MP: 28/28
 27897 | Snake:4  | Reached skill level 14 in Fighting
 28020 | Snake:4  | Found a hide-covered altar of Uskayaw.
 28259 | Snake:4  | Reached skill level 15 in Invocations
 28315 | Snake:4  | Got a serpentine rune of Zot
 28434 | Snake:4  | Identified the +5 rapier "Birph" {drain, Int+4}
 28762 | Snake:3  | Bought a smelly chain mail for 285 gold pieces
 28762 | Snake:3  | Identified the +5 chain mail of Baldness {Harm Rampage
                  | Dex+4} (You bought it in a shop on level 3 of the Snake
                  | Pit)
 29045 | Vaults:1 | Entered Level 1 of the Vaults
 29328 | Vaults:1 | Reached skill level 15 in Fighting
 29844 | Vaults:1 | Reached skill level 10 in Dodging
 30484 | Vaults:2 | Found Opaobod's Weapon Boutique.
 30566 | Vaults:2 | Found a crumbling gateway.
 30570 | Desolati | Entered the Desolation of Salt
 30622 | Desolati | Gained mutation: You regenerate health from kills. [demonic
                  | ancestry]
 30622 | Desolati | Reached XP level 19. HP: 70/155 MP: 15/31
 30729 | Desolati | Got Seecaff's Omnibus of the Albatross
 30736 | Desolati | Identified the +2 arbalest of Infinite Pain {elec, rF+
                  | Int+2 Dex+3}
 30737 | Desolati | Identified the amulet "Kyhen" {Spirit Drain +Blink rN++
                  | rCorr}
 30741 | Desolati | Identified the +9 great sword "Secret Weapon" {flame, rPois
                  | rC- Str+3 SInv}
 30791 | Desolati | Identified the +4 short sword "Arbiter" {vorpal, rF- Int-3
                  | Dex+6 SInv}
 30800 | Desolati | Got Zowneha's Reference Book on Dark Rites and Shapes
 30824 | Desolati | Got the Book of Moulding and Formation
 30949 | Desolati | Reached skill level 16 in Fighting
 30971 | Desolati | Got the Atlas of Spatial Changing
 31651 | Vaults:2 | Found Fuschutoi's Distillery.
 31659 | Vaults:2 | Bought a potion of attraction for 54 gold pieces
 31770 | Vaults:2 | Found Vediarut's Weapon Emporium.
 32173 | Vaults:2 | Found Qatefuse's Magic Scroll Emporium.
 32183 | Vaults:2 | Found Zuwo's Book Boutique.
 32602 | Vaults:3 | Reached skill level 17 in Fighting
 32639 | Vaults:3 | Found a gateway to a bazaar.
 32939 | Vaults:3 | Reached skill level 18 in Fighting
 32961 | Vaults:3 | Gained mutation: Your presence sometimes corrodes those you
                  | injure. [demonic ancestry]
 32961 | Vaults:3 | Reached XP level 20. HP: 170/170 MP: 33/33
 33016 | Vaults:3 | Found Joerow Vycw's Armour Boutique.
 33393 | Vaults:3 | Found a staircase to the Crypt.
 33502 | Vaults:3 | Noticed Xtahua
 33509 | Vaults:3 | Killed Xtahua
 33834 | Vaults:4 | Reached skill level 19 in Fighting
 34862 | Vaults:5 | Entered Level 5 of the Vaults
 34863 | Vaults:5 | Found the +3 pair of gauntlets of War {Slay+5}
 34906 | Vaults:5 | Reached skill level 20 in Fighting
 34914 | Vaults:5 | Noticed an ancient lich
 34924 | Vaults:5 | Killed an ancient lich
 34925 | Vaults:5 | Reached XP level 21. HP: 153/183 MP: 35/35
 34935 | Vaults:5 | Noticed an ancient lich
 34957 | Vaults:5 | Killed an ancient lich
 35076 | Vaults:5 | Noticed Margery
 35079 | Vaults:5 | Identified the +10 rapier "Zuplah" {vorpal, Dex+3}
 35097 | Vaults:5 | Reached skill level 15 in Dodging
 35102 | Vaults:5 | Killed Margery
 35166 | Vaults:5 | Got a silver rune of Zot
 35195 | Vaults:5 | Found the +8 storm bow {elec, penet}
 35395 | Vaults:5 | Identified the +5 ring mail of the Prince of Darkness
                  | {+Blink Int+2}
 35502 | Vaults:5 | Identified the +0 scale mail of Joedow {-Cast rElec rC+++
                  | Will-}
 35594 | Vaults:5 | Identified the ring of the Crown {rN++ EV+4}
 35669 | Vaults:5 | Identified the +3 short sword of Vummykef {protect, rF++}
 35699 | Vaults:5 | Got the Book of Evil Curses
 35959 | Bazaar   | Entered a bazaar
 35961 | Bazaar   | Found Ucoruyve's Jewellery Boutique.
 35965 | Bazaar   | Found Hicrew's Magic Scroll Boutique.
 35965 | Bazaar   | Found Fismarpho's Jewellery Boutique.
 35966 | Bazaar   | Found Ruxikh Kymoa's Book Boutique.
 35976 | Bazaar   | Bought a scroll of teleportation for 30 gold pieces
 35976 | Bazaar   | Bought a scroll of teleportation for 30 gold pieces
 35976 | Bazaar   | Bought a scroll of magic mapping for 75 gold pieces
 35981 | Bazaar   | Bought Sif Muna's Lessons on Metal for 460 gold pieces
 36022 | Vaults:2 | Bought a scroll of magic mapping for 105 gold pieces
 36022 | Vaults:2 | Bought a scroll of blinking for 105 gold pieces
 36022 | Vaults:2 | Bought a scroll of blinking for 105 gold pieces
 36022 | Vaults:2 | Bought 3 scrolls of blinking for 315 gold pieces
 36208 | Shoals:1 | Entered Level 1 of the Shoals
 36242 | Shoals:1 | Reached skill level 21 in Fighting
 36854 | Shoals:2 | Reached skill level 5 in Earth Magic
 36868 | Shoals:2 | Learned a level 2 spell: Passwall
 36870 | Shoals:2 | Learned a level 1 spell: Apportation
 36877 | Shoals:2 | Learned a level 4 spell: Passage of Golubria
 36884 | Shoals:2 | Learned a level 6 spell: Statue Form
 36904 | Shoals:2 | Found a flickering gateway to a bazaar.
 36924 | Bazaar   | Entered a bazaar
 36938 | Bazaar   | Found Gotzinelai's Distillery.
 36972 | Bazaar   | Found Ralerphi's Distillery.
 37002 | Bazaar   | Found Tonuad's Magic Scroll Emporium.
 37030 | Bazaar   | Found Gorchuz's Magic Scroll Emporium.
 37068 | Bazaar   | Bought a scroll of blinking for 90 gold pieces
 37068 | Bazaar   | Bought a scroll of teleportation for 36 gold pieces
 37088 | Bazaar   | Bought a scroll of teleportation for 36 gold pieces
 37102 | Shoals:2 | Identified the +8 war axe "Mega" {vorpal, Int+3}
 37186 | Shoals:2 | Reached skill level 5 in Transmutations
 37283 | Shoals:2 | Identified the +4 buckler of Koheif {Int+6}
 37431 | Shoals:2 | Gained mutation: Your presence sometimes corrodes or
                  | deforms those you injure. [demonic ancestry]
 37431 | Shoals:2 | Reached XP level 22. HP: 158/194 MP: 37/37
 37880 | Shoals:3 | Found a runed translucent door.
 38440 | Shoals:3 | Noticed Polyphemus
 38459 | Shoals:3 | Killed Polyphemus
 38610 | Shoals:3 | Noticed Jorgrun
 38620 | Shoals:3 | Killed Jorgrun
 38702 | Shoals:4 | Entered Level 4 of the Shoals
 39193 | Shoals:4 | Got a barnacled rune of Zot
 39682 | Depths:1 | Entered Level 1 of the Depths
 39814 | Depths:1 | Found a shadowy altar of Dithmenos.
 40044 | Depths:1 | Found Cithip's Assorted Antiques.
 40052 | Depths:1 | Found a one-way gate leading to the halls of Pandemonium.
 40227 | Depths:1 | Found a bloodstained altar of Trog.
 40686 | Depths:1 | Found a gateway to Hell.
 40996 | Depths:2 | Found a corrupted altar of Lugonu.
 40997 | Depths:2 | Found a transporter.
 41029 | Depths:2 | Found a transporter.
 41050 | Depths:2 | Reached skill level 10 in Earth Magic
 41071 | Depths:2 | Found a one-way gateway to a ziggurat.
 41132 | Depths:2 | Reached skill level 5 in Spellcasting
 41135 | Depths:2 | Gained mutation: Your demonic aura causes all spilled blood
                  | to erupt in flames. [demonic ancestry]
 41135 | Depths:2 | Reached XP level 23. HP: 200/200 MP: 38/38
 41218 | Depths:2 | Reached skill level 10 in Transmutations
 41785 | Depths:2 | Identified the +9 dagger "Melofuot" {venom, rF+ rN+}
 41796 | Depths:2 | Identified the amulet of Midwinter {Reflect rElec SH+5}
 41919 | Depths:3 | Found a radiant altar of Vehumet.
 42040 | Depths:3 | Found a one-way gate to the infinite horrors of the Abyss.
 42353 | Depths:3 | Noticed a caustic shrike
 42358 | Depths:3 | Killed a caustic shrike
 42426 | Depths:3 | Noticed Jory
 42426 | Depths:3 | Noticed a caustic shrike
 42429 | Depths:3 | Killed a caustic shrike
 42699 | Depths:3 | Killed Jory
 42970 | Depths:4 | Entered Level 4 of the Depths
 43085 | Depths:4 | Noticed a caustic shrike
 43086 | Depths:4 | Noticed a caustic shrike
 43086 | Depths:4 | Noticed a caustic shrike
 43086 | Depths:4 | Noticed a caustic shrike
 43091 | Depths:4 | Killed a caustic shrike
 43094 | Depths:4 | Killed a caustic shrike
 43095 | Depths:4 | Killed a caustic shrike
 43096 | Depths:4 | Killed a caustic shrike
 43129 | Depths:4 | Noticed Frederick
 43141 | Depths:4 | Killed Frederick
 43264 | Depths:4 | Gained mutation: You can speak a Word of Chaos. [demonic
                  | ancestry]
 43264 | Depths:4 | Reached XP level 24. HP: 186/208 MP: 38/38
 43607 | Depths:4 | Found a gate to the Realm of Zot.
 43974 | Crypt:1  | Entered Level 1 of the Crypt
 44294 | Crypt:1  | Reached skill level 10 in Spellcasting
 44294 | Crypt:1  | Found a transporter.
 44295 | Crypt:1  | Noticed Houmnergh's ghost (master GnTm)
 44355 | Crypt:1  | Killed Houmnergh's ghost
 44363 | Crypt:1  | Found a transporter.
 44656 | Crypt:2  | Noticed Khufu
 44656 | Crypt:2  | Noticed a royal mummy
 44656 | Crypt:2  | Noticed a royal mummy
 44656 | Crypt:2  | Noticed a royal mummy
 44663 | Crypt:2  | Killed a royal mummy
 44797 | Crypt:1  | Killed Khufu
 44802 | Crypt:1  | Killed a royal mummy
 44807 | Crypt:1  | Killed a royal mummy
 45366 | Crypt:2  | Found a runed translucent door.
 45370 | Crypt:2  | Noticed Houmnergh's ghost (master GnTm)
 45385 | Crypt:2  | Killed Houmnergh's ghost
 45474 | Crypt:3  | Entered Level 3 of the Crypt
 45694 | Crypt:3  | Found a basalt altar of Yredelemnul.
 45994 | Crypt:3  | Found a staircase to the Tomb.
 46790 | Crypt:3  | Found the ring of the Octopus King
 46832 | Crypt:3  | Identified a ring of the Octopus King {HP+2 MP+9 AC+2 EV+2
                  | SH+2}
 47097 | Crypt:3  | Identified the +11 spear of Tension {flame, Int+5}
 47500 | Zig:1    | Entered Level 1 of a ziggurat
 47532 | Zig:2    | Entered Level 2 of a ziggurat
 47537 | Zig:2    | Reached XP level 25. HP: 214/214 MP: 35/38
 47564 | Zig:3    | Entered Level 3 of a ziggurat
 47596 | Zig:4    | Entered Level 4 of a ziggurat
 47618 | Zig:4    | Identified the +10 mace "Qassow" {venom, *Corrode Will+
                  | Dex+4}
 47627 | Zig:5    | Entered Level 5 of a ziggurat
 47684 | Zig:6    | Entered Level 6 of a ziggurat
 47688 | Zig:6    | Noticed a Killer Klown
 47688 | Zig:6    | Noticed a Killer Klown
 47688 | Zig:6    | Noticed a Killer Klown
 47701 | Zig:6    | Killed a Killer Klown
 47703 | Zig:6    | Killed a Killer Klown
 47704 | Zig:6    | Killed a Killer Klown
 47724 | Zig:7    | Entered Level 7 of a ziggurat
 47755 | Zig:7    | Gained mutation: You regenerate a lot of health from kills.
                  | [demonic ancestry]
 47755 | Zig:7    | Reached XP level 26. HP: 222/222 MP: 39/39
 47773 | Zig:8    | Entered Level 8 of a ziggurat
 47793 | Zig:8    | Reached skill level 15 in Earth Magic
 47813 | Zig:9    | Entered Level 9 of a ziggurat
 47868 | Zig:10   | Entered Level 10 of a ziggurat
 47878 | Zig:10   | Noticed Juejul the pandemonium lord
 47893 | Zig:10   | Reached skill level 15 in Transmutations
 47894 | Zig:10   | Gained mutation: You are weak. (Str -2) [a cacodemon]
 47900 | Zig:10   | Killed Juejul the pandemonium lord
 47918 | Zig:10   | Identified the +1 scale mail of the Loofah {Will+ Str+4}
 47924 | Zig:10   | Identified the +5 short sword of Rewutzui {venom, rPois
                  | SInv Stlth+}
 47932 | Zig:10   | Identified the +1 ring mail of Going Fast {Contam +Inv
                  | Dex+2}
 47936 | Zig:11   | Entered Level 11 of a ziggurat
 47989 | Zig:11   | Got the Guide on Beguiling and the Voyage
 47991 | Zig:11   | Identified the ring of Paidosu {Will+ MP+9}
 48000 | Zig:12   | Entered Level 12 of a ziggurat
 48005 | Zig:12   | Noticed Souman the pandemonium lord
 48019 | Zig:12   | Killed Souman the pandemonium lord
 48056 | Zig:13   | Entered Level 13 of a ziggurat
 48069 | Zig:13   | Noticed an orb of fire
 48073 | Zig:13   | Noticed an orb of fire
 48073 | Zig:13   | Noticed an orb of fire
 48076 | Zig:13   | Gained mutation: You are frail. (-10% HP) [an orb of fire]
 48077 | Zig:13   | Gained mutation: You occasionally shout uncontrollably at
                  | your foes. [an orb of fire]
 48078 | Zig:13   | Gained mutation: You are clumsy. (Dex -2) [an orb of fire]
 48078 | Zig:13   | Gained mutation: Potions are less effective at restoring
                  | your health. [an orb of fire]
 48079 | Zig:13   | Killed an orb of fire
 48084 | Zig:13   | Gained mutation: You are very clumsy. (Dex -4) [an orb of
                  | fire]
 48085 | Zig:13   | Gained mutation: You are dopey. (Int -2) [an orb of fire]
 48087 | Zig:13   | Killed an orb of fire
 48088 | Zig:13   | Gained mutation: You sometimes lose your temper in combat.
                  | [an orb of fire]
 48089 | Zig:13   | Gained mutation: You are very frail. (-20% HP) [an orb of
                  | fire]
 48091 | Zig:13   | Killed an orb of fire
 48100 | Zig:13   | Lost mutation: You sometimes lose your temper in combat.
                  | [potion of mutation]
 48100 | Zig:13   | Lost mutation: Potions are less effective at restoring your
                  | health. [potion of mutation]
 48100 | Zig:13   | Lost mutation: You are dopey. (Int -2) [potion of mutation]
 48100 | Zig:13   | Lost mutation: You are very frail. (-20% HP) [potion of
                  | mutation]
 48100 | Zig:13   | Lost mutation: You are very clumsy. (Dex -4) [potion of
                  | mutation]
 48101 | Zig:13   | Lost mutation: You are weak. (Str -2) [potion of mutation]
 48101 | Zig:13   | Lost mutation: You are frail. (-10% HP) [potion of
                  | mutation]
 48101 | Zig:13   | Lost mutation: You occasionally shout uncontrollably at
                  | your foes. [potion of mutation]
 48101 | Zig:13   | Gained mutation: You have hidden genetic potential. [potion
                  | of mutation]
 48101 | Zig:13   | Gained mutation: You are frail. (-10% HP) [potion of
                  | mutation]
 48101 | Zig:13   | Gained mutation: You have sharp toenails. [potion of
                  | mutation]
 48101 | Zig:13   | Gained mutation: Your muscles are strong. (Str +4, Int/Dex
                  | -1) [potion of mutation]
 48102 | Zig:13   | Lost mutation: Your muscles are strong. (Str +4, Int/Dex
                  | -1) [potion of mutation]
 48102 | Zig:13   | Lost mutation: You have sharp toenails. [potion of
                  | mutation]
 48102 | Zig:13   | Gained mutation: Your system is resistant to poisons.
                  | (rPois) [potion of mutation]
 48102 | Zig:13   | Gained mutation: You have a pair of small horns on your
                  | head. [potion of mutation]
 48102 | Zig:13   | Gained mutation: You have sharp toenails. [potion of
                  | mutation]
 48103 | Zig:13   | Lost mutation: You have a pair of small horns on your head.
                  | [potion of mutation]
 48103 | Zig:13   | Lost mutation: You have sharp toenails. [potion of
                  | mutation]
 48103 | Zig:13   | Lost mutation: Your system is resistant to poisons. (rPois)
                  | [potion of mutation]
 48103 | Zig:13   | Gained mutation: You are very clumsy. (Dex -4) [potion of
                  | mutation]
 48103 | Zig:13   | Gained mutation: You have a pair of small horns on your
                  | head. [potion of mutation]
 48103 | Zig:13   | Gained mutation: Your spells are a little harder to cast,
                  | but a little more powerful. [potion of mutation]
 48104 | Zig:13   | Lost mutation: You are very clumsy. (Dex -4) [potion of
                  | mutation]
 48104 | Zig:13   | Lost mutation: You are frail. (-10% HP) [potion of
                  | mutation]
 48104 | Zig:13   | Lost mutation: You have a pair of small horns on your head.
                  | [potion of mutation]
 48104 | Zig:13   | Gained mutation: You have large cloven feet. [potion of
                  | mutation]
 48121 | Zig:13   | Identified the +6 spear of Midnight {elec, rPois rC+ Int-2}
 48126 | Zig:13   | Got the Secrets of Dislocated Transmogrification
 48135 | Zig:14   | Entered Level 14 of a ziggurat
 48152 | Zig:14   | Gained mutation: You are weak. (Str -2) [a shining eye]
 48163 | Zig:14   | Gained mutation: Armour fits poorly on your strangely
                  | shaped body. [a shining eye]
 48164 | Zig:14   | Gained mutation: Your body sometimes deteriorates upon
                  | taking damage. [a shining eye]
 48166 | Zig:14   | Gained mutation: You occasionally shout uncontrollably at
                  | your foes. [a shining eye]
 48173 | Zig:14   | Lost mutation: Armour fits poorly on your strangely shaped
                  | body. [potion of mutation]
 48173 | Zig:14   | Lost mutation: Your body sometimes deteriorates upon taking
                  | damage. [potion of mutation]
 48173 | Zig:14   | Gained mutation: You are very clumsy. (Dex -4) [potion of
                  | mutation]
 48173 | Zig:14   | Gained mutation: You are robust. (+10% HP) [potion of
                  | mutation]
 48181 | Zig:14   | Found the +2 cloak of the Thief {*Fog Slay-2 SInv Stlth+}
 48191 | Zig:14   | Identified the +1 pair of gloves of Latseaph {Drain +Inv
                  | Str+2 Dex+3}
 48216 | Zig:15   | Entered Level 15 of a ziggurat
 48242 | Zig:15   | Reached skill level 22 in Fighting
 48331 | Zig:15   | Identified the +1 quarterstaff "Varejam" {drain, rCorr
                  | Int+3}
 48337 | Zig:16   | Entered Level 16 of a ziggurat
 48371 | Zig:16   | Reached XP level 27. HP: 124/254 MP: 4/40
 48384 | Zig:16   | Reached skill level 10 in Unarmed Combat
 48508 | Zig:17   | Entered Level 17 of a ziggurat
 48644 | Zig:17   | Identified the ring of Arrival {+Blink rF+ rC- Str+6 Int-4}
 48652 | Zig:17   | Identified the +1 chain mail of Poimezi {Harm *Slow +Inv
                  | Int+4}
 48658 | Zig:17   | Identified the +1 leather armour "Vetunes" {rElec Stlth+}
 48723 | Zig:18   | Entered Level 18 of a ziggurat
 48745 | Zig:18   | Noticed Oril the pandemonium lord
 48751 | Zig:18   | Reached skill level 15 in Unarmed Combat
 48760 | Zig:18   | Killed Oril the pandemonium lord
 48816 | Zig:18   | Got First Steps in Thaumaturgy
 48819 | Zig:18   | Identified the +0 plate armour "Ceclac" {Rampage Fly Str+7
                  | Dex-5}
 48821 | Zig:18   | Got the Grimoire of Mutated Conduction
 48836 | Zig:18   | Identified the +11 broad axe of Trauma {drain, +Blink
                  | Str+4}
 48839 | Zig:18   | Got the Commentary on Aerial Congelation
 48843 | Zig:19   | Entered Level 19 of a ziggurat
 48859 | Zig:19   | Reached skill level 23 in Fighting
 48884 | Zig:19   | Paralysed by accursed screaming for 1 turns
 48890 | Zig:19   | Lost mutation: You occasionally shout uncontrollably at
                  | your foes. [a neqoxec]
 48896 | Zig:19   | Paralysed by accursed screaming for 2 turns
 48962 | Zig:19   | Got the Precepts of Conflagrant Variation
 48969 | Zig:19   | Identified the amulet "Jidepegi" {Faith Dex+2}
 48997 | Zig:19   | Learned a level 8 spell: Necromutation
 48999 | Zig:20   | Entered Level 20 of a ziggurat
 49015 | Zig:20   | Noticed a royal mummy
 49020 | Zig:20   | Noticed a royal mummy
 49022 | Zig:20   | Noticed a royal mummy
 49030 | Zig:20   | Reached skill level 1 in Necromancy
 49032 | Zig:20   | Noticed a royal mummy
 49032 | Zig:20   | Noticed a royal mummy
 49033 | Zig:20   | Noticed a royal mummy
 49033 | Zig:20   | Noticed a royal mummy
 49034 | Zig:20   | Killed a royal mummy
 49034 | Zig:20   | Killed a royal mummy
 49034 | Zig:20   | Killed a royal mummy
 49034 | Zig:20   | HP: 16/335 [something (15)]
 49034 | Zig:20   | HP: 7/335 [spore (2)]
 49034 | Zig:20   | HP: 1/335 [spore (3)]
 49034 | Zig:20   | Killed from afar by a royal mummy

Illustrated notes

Levels and vault maps discovered:
D:1:      ncdulo_smallfort, layout_rooms, serial_shops, nicolae_lakefront_shop,
          ebering_ecumenical_altar_mist, minmay_strange_pillars, st_stairs_11,
          roderic_serpentine_path
D:2:      layout_basic, minmay_crystal_room, bh_walls_and_bars
D:3:      layout_basic, grunt_ministairs_9, uniq_sigmund, uniq_ijyb
D:4:      layout_cave_pools
D:5:      layout_loops_ring, xom_confusion_cloud,
          minmay_overflow_temple_star_hex, uniq_eustachio
D:6:      layout_loops_ring, nemelex_diamond_rough_becter, serial_shops,
          nicolae_diamond_shop
D:7:      old_forge, layout_basic, minmay_temple_entry_grid
D:8:      layout_loops_corners
D:9:      layout_cave_pods, nicolae_wu_jian_wuxing_cycle, uniq_erolcha
D:10:     lemuel_ice_statue, layout_loops_ring, uniq_josephine
D:11:     layout_loops_ring, lair_entry_dummy,
          kennysheep_orc_monster_closet_entryway
D:12:     layout_long_grid
D:13:     layout_grid_maze, ebering_ghost_gozag, tgw_lugonu_bribe
D:14:     layout_irregular_city, david_vaults_1, nicolae_ashenzari_skybound
D:15:     grunt_enter_depths_snipers, layout_irregular_city, nrook_campfire
Temple:   minmay_temple_curvy_branch
Lair:1:   layout_gridlike, st_stairs_8, lemuel_fruit_tree
Lair:2:   layout_loops_ring, minmay_shoals_entry_lonely_mermaid, basic_altar,
          special_room [special_room_bee], disabler_island, uniq_harold
Lair:3:   layout_chaotic_city
Lair:4:   layout_loops_ring, serial_forest, infiniplex_forest_clump_small,
          infiniplex_forest_clump_curved, infiniplex_forest_end_double,
          infiniplex_forest_lined_3, infiniplex_forest_zigzag_2,
          infiniplex_forest_lined_room_, enter_volcano_2,
          chequers_serial_rivers_micro_e, hibernation_bobbens, uniq_rupert
Lair:5:   due_jungle_book, layout_small_grid, dpeg_slime_entry_corner,
          lemuel_fruit_fields, infiniplex_staircase_pool_2
Shoals:1: layout_shoals
Shoals:2: cheibrodos_shoals_epimethial_gifts, layout_shoals, serial_shops,
          bzr_in_the_mist
Shoals:3: layout_shoals, lightli_airlock, uniq_polyphemus, uniq_jorgrun
Shoals:4: shoals_end_hangedman, layout_shoals
Snake:1:  layout_honeycomb, serial_shops, nicolae_shop_window_shopping,
          minmay_shoptagon, serial_bayou_shore_b
Snake:2:  layout_grid_shapes, grunt_ministairs_4, serial_bayou_lake_a,
          minmay_shop_star
Snake:3:  layout_misc_corridors, serial_shops, shop,
          hangedman_snake_corridor_split, serial_bayou_shore_b,
          serial_bayou_shore_b
Snake:4:  grunt_snake_rune_serpentine_throne, layout_cave_town, basic_altar,
          st_stairs_4, serial_bayou_pond_a, statue_in_the_mist_lemuel
Orc:1:    layout_diamond_mine, minmay_orc_treasury
Orc:2:    grunt_orc_cross, layout_diamond_mine, serial_shops,
          nicolae_shop_hallway_stairs, gauntlet_entry_generic, roderic_batcave
Elf:1:    layout_rooms, serial_shops, nicolae_square_shop, minmay_elf_sorcery,
          evilmike_spriggan_trog_shrine
Elf:2:    elven_hall_of_blades_hangedman_alternative [nicolae_blade_tridents],
          layout_geoelf_diagonals
Elf:3:    elf_hall, layout_rooms, serial_shops, nicolae_shop_overgrown_old_shop
Vaults:1: v_rooms_1, vaults_room_large_hall, nicolae_vaults_triangles,
          kb_rosetta, v_misc_22, v_rooms_6, hangedman_vaults_nails,
          vaults_room_fancy_cross, nicolae_vaults_asterisk,
          nicolae_vaults_theta, layout_vaults_chaotic_city
Vaults:2: portal_desolation_entry_nicolae_forbidding_blocks,
          ontoclasm_vaults_misaligned, vaults_room_hallway,
          hangedman_vaults_slice, v_alt_pattern_4,
          nicolae_vaults_network_quinsquares
          [nicolae_vaults_network_quincunx_subvault,
          nicolae_vaults_network_quincunx_subvault,
          nicolae_vaults_network_quincunx_subvault,
          nicolae_vaults_network_quincunx_subvault],
          nicolae_vaults_sealed_display, layout_vaults_quadrants, serial_shops,
          nicolae_shop_bloodbath_and_beyond, shop, nicolae_shop_hallway_plus,
          shop_statue, nicolae_square_shop
Vaults:3: grunt_vaults_diagonal, v_misc_22, vaults_dpeg_diagonal, st_eye,
          hangedman_vaults_stream, vaults_room_pools, v_pattern_3,
          hangedman_vaults_slither, nicolae_vaults_angled_halls,
          minmay_crypt_entry_simple_statues, nicolae_vaults_asterisk,
          vaults_mumra_minichess_inversion, dpeg_vaults_monster_box,
          layout_vaults_ring, serial_shops, statue_bzr, uniq_xtahua
Vaults:4: grunt_vaults_swirl, ontoclasm_vaults_decontamination, v_alt_pattern_1,
          nicolae_vaults_theta, nicolae_vaults_little_squares_1,
          nicolae_vaults_bisected_slash, v_pattern_2, ontoclasm_vaults_bender,
          hangedman_vaults_capsules, vaults_room_glass_cross, v_misc_17,
          ontoclasm_vaults_fault, layout_vaults_omnibox
Vaults:5: uniq_margery
Crypt:1:  layout_rooms, gammafunk_ghost_arena
Crypt:2:  layout_misc_corridors, ebering_ghost_reflecting_pool, uniq_khufu
Crypt:3:  evilmike_haunted_forest
Depths:1: layout_gridlike, pan_entry, trog_three_pillars_becter,
          hangedman_geh_valley, serial_shops, nicolae_shop_overgrown_old_shop,
          kennysheep_cross_room, nicolae_dithmenos_through_a_glass_darkly,
          grunt_megastairs_1
Depths:2: gammafunk_corrupted_shrine, layout_gridlike, enter_ziggurat_a,
          minmay_misc_feat_iff, lightli_too_deep, rand_demon_pan_entry_5,
          infiniplex_staircase_zigzag_2
Depths:3: hangedman_six_sided_sadism, layout_basic, rand_demon_pan_entry_4,
          fiery_altar_vehumet, hangedman_abyss_entry_splay, hell_entry,
          uniq_jory
Depths:4: evilmike_zot_entry_round, layout_basic, hellmouth_3,
          grunt_decor_resistance, uniq_frederick
Zig:20

Skill      XL: |  1  2  3  4  5  6  7  8  9 10 11 12 13 14 15 16 17 18 19 20 21 22 23 24 25 26 27 |
---------------+----------------------------------------------------------------------------------+-----
Transmutations | 1 2 5 9 12 14 15 | 15.1
Earth Magic    | 3 6 10 12 14 17 18 | 18.1
Short Blades   | 1 2 |  2.0
Fighting       | 1 2 4 6 7 10 12 13 15 18 20 21 22 23 | 23.2
Evocations     | 1 2 3 |  3.0
Unarmed Combat | 2 7 9 17 | 17.5
Translocations | 3 6 |  6.2
Long Blades    | 2 7 10 12 14 15 | 15.9
Dodging        | 3 5 8 10 12 14 15 | 15.0
Shields        | 2 3 6 9 12 15 | 15.7
Invocations    | 1 7 10 11 14 16 18 20 22 | 22.2
Spellcasting   | 5 9 11 12 13 | 13.0
Stealth        | 7 |  7.3
Necromancy     | 2 |  2.0

Action                   |  1- 3 |  4- 6 |  7- 9 | 10-12 | 13-15 | 16-18 | 19-21 | 22-24 | 25-27 || total
-------------------------+-------+-------+-------+-------+-------+-------+-------+-------+-------++-------
Melee: Dagger            |    71 |    73 |    21 |       |       |       |       |       |       ||   165
       Unarmed           |     2 |       |   186 |     5 |    31 |       |       |       |       ||   224
       Punch             |     1 |       |     8 |    10 |    27 |       |       |       |       ||    46
       Touch             |       |     5 |    59 |    41 |    81 |       |       |       |       ||   186
       Rapier            |       |       |    44 |       |       |       |       |       |       ||    44
       Double sword      |       |       |    10 |   243 |   672 |   775 |   947 |  1730 |   481 ||  4858
       Kick              |       |       |       |       |       |       |       |       |   104 ||   104
 Cast: Sandblast         |    49 |    28 |    53 |    10 |     3 |     1 |       |       |       ||   144
       Blink             |       |       |       |     1 |    10 |       |       |     2 |     5 ||    18
       Passage of Golubr |       |       |       |       |       |       |     1 |     1 |       ||     2
       Apportation       |       |       |       |       |       |       |     1 |       |       ||     1
       Statue Form       |       |       |       |       |       |       |       |    36 |    21 ||    57
Invok: Slouch            |       |       |       |       |     4 |     8 |     4 |     4 |    15 ||    35
       Step From Time    |       |       |       |       |     2 |     2 |       |     3 |       ||     7
Evoke: Wand              |       |     7 |    12 |     5 |     5 |       |     1 |     1 |     2 ||    33
       Box of beasts     |       |       |       |     1 |     1 |       |       |       |       ||     2
       Condenser vane    |       |       |       |       |       |       |       |       |     1 ||     1
       Tin of tremorston |       |       |       |       |       |       |       |       |     1 ||     1
  Use: Potion            |     1 |     2 |       |     1 |     1 |     2 |       |     1 |    20 ||    28
       Scroll            |     3 |     3 |    12 |     8 |    15 |     7 |     4 |     3 |     9 ||    64
 Stab: Sleeping          |     5 |     9 |     6 |     4 |    10 |    13 |     4 |     3 |       ||    54
       Distracted        |     1 |       |       |       |     8 |     2 |     3 |     2 |       ||    16
       Paralysed         |       |     3 |       |     2 |     1 |       |       |       |       ||     6
       Held in net/web   |       |       |       |       |       |       |     1 |       |       ||     1
Armor: Robe              |    19 |    25 |    71 |    26 |       |       |       |       |       ||   141
       Chain mail        |       |       |       |    26 |       |       |       |       |       ||    26
       Troll leather arm |       |       |       |    47 |   163 |   159 |   138 |   146 |    20 ||   673
       Skin              |       |       |       |       |       |       |       |   252 |   445 ||   697
Dodge: Dodged            |    73 |    55 |   157 |   196 |   438 |   402 |   745 |  1503 |  1178 ||  4747
       Repelled          |       |       |       |     2 |     4 |       |       |       |       ||     6
Block: Other             |       |       |    46 |    86 |    82 |       |       |       |       ||   214
       Reflection        |       |       |     3 |     8 |    24 |    29 |       |       |       ||    64
       Kite shield       |       |       |       |       |   280 |   808 |   976 |  1875 |   887 ||  4826
       Buckler           |       |       |       |       |    71 |       |       |       |       ||    71

Table legend: (Time is in decaauts)
 A = Elapsed time spent in this place.
 B = Non-inter-level travel time spent in this place.
 C = Inter-level travel time spent in this place.
 D = Time resting spent in this place.
 E = Time spent auto-exploring this place.
 F = Levels seen in this place.
 G = Mean time per level.
                   A        B        C        D        E       F      G
               +--------+--------+--------+--------+--------+-----+--------+
         Total |  79062 |  72229 |   6833 |    602 |  55546 |  70 | 1129.5 |
       Dungeon |  21166 |  19271 |   1895 |     57 |  16463 |  15 | 1411.1 |
        Temple |    408 |    346 |     62 |      0 |    342 |   1 |  408.0 |
          Lair |   8367 |   7618 |    749 |     63 |   6441 |   5 | 1673.4 |
        Shoals |   5465 |   5173 |    292 |      0 |   3553 |   4 | 1366.2 |
     Snake Pit |   6447 |   5863 |    584 |      0 |   4949 |   4 | 1611.8 |
  Orcish Mines |   2532 |   2234 |    298 |      0 |   1663 |   2 | 1266.0 |
   Elven Halls |   4645 |   4296 |    349 |    150 |   3118 |   3 | 1548.3 |
        Vaults |  11559 |   9974 |   1585 |      0 |   8114 |   5 | 2311.8 |
         Crypt |   6081 |   5542 |    539 |    112 |   4024 |   3 | 2027.0 |
        Depths |   7506 |   7030 |    476 |     44 |   5436 |   4 | 1876.5 |
      Ziggurat |   2724 |   2724 |      0 |    127 |     45 |  20 |  136.2 |
        Bazaar |    425 |    425 |      0 |      0 |    311 |   2 |  212.5 |
    Desolation |   1139 |   1139 |      0 |      0 |    738 |   1 | 1139.0 |
      Gauntlet |    593 |    593 |      0 |     48 |    345 |   1 |  593.0 |
               +--------+--------+--------+--------+--------+-----+--------+

Top non-repeatable levels by time:
 Crypt:3: 3160 daAuts
Vaults:1: 2758 daAuts
Vaults:2: 2741 daAuts
Vaults:3: 2575 daAuts
    D:13: 2523 daAuts
Depths:1: 2308 daAuts
  Lair:5: 2069 daAuts
Depths:3: 1945 daAuts
  Lair:4: 1803 daAuts
Depths:2: 1800 daAuts
 Snake:1: 1789 daAuts
Vaults:4: 1761 daAuts
   Elf:3: 1734 daAuts
    D:11: 1731 daAuts
Vaults:5: 1723 daAuts
